Map: Tokamak LE

Players

ManlyManMeat

  • Race: Zerg Zerg
  • League: Diamond
  • Spawn Location: 7:00

Rodin - Winner!

  • Race: Terran Terran
  • League: Diamond
  • Spawn Location: 1:00

VOD

Have the link to the VOD?

Description

Time

  • Played on: July 9, 2025, 7:30 a.m.
  • Length: 16:34
Show
View Real Time Build Order
Export as new Build Order

ManlyManMeat Zerg 

Build Orders: Hatch First 

Get SALT Encoding   

  12  0:00  Drone  
  13  0:09  Drone  
  13  0:13  Extractor  
  13  0:18  Drone  
  15  0:22  Overlord  
  15  0:41  Drone  
  16  0:47  Hatchery  
  15  0:50  Drone  
  15  0:54  Drone  
  17  0:57  Drone  
  18  1:12  Extractor  
  18  1:15  Spawning Pool  
  16  1:21  Drone x2  
  18  1:31  Drone  
  19  1:37  Drone  
  20  2:01  Queen x2  
  20  2:02  Zergling x2  
  20  2:03  Zergling x2  
  20  2:05  Overlord  
  26  2:10  Drone  
  26  2:11  Drone  
  28  2:16  Metabolic Boost  
  28  2:32  Extractor  
  28  2:34  Drone  
  28  2:35  Drone x2  
  28  2:36  Overlord  
  30  2:41  Drone  
  31  2:47  Overlord  
  31  2:53  Overlord  
  31  2:55  Drone  
  32  3:08  Hatchery  
  32  3:09  Drone  
  32  3:11  Drone  
  33  3:21  Drone x4  
  37  3:38  Drone x2  
  37  3:39  Drone  
  37  3:41  Queen  
  39  3:42  Lair  
  39  3:46  Drone x2  
  43  4:03  Drone x3  
  43  4:04  Overlord x2  
  46  4:10  Spore Crawler  
  46  4:11  Spore Crawler  
  46  4:12  Drone  
  45  4:22  Zergling x8, Overlord  
  45  4:24  Drone x4  
  53  4:33  Extractor  
  53  4:35  Baneling Nest, Drone  
  53  4:36  Drone, Evolution Chamber  
  53  4:37  Drone  
  53  4:52  Queen  
  54  4:59  Drone x4  
  59  5:01  Infestation Pit  
  59  5:05  Queen  
  51  5:26  Drone x4, Infestation Pit  
  51  5:27  Drone x3  
  56  5:37  Zergling x22  
  67  6:00  Drone x3  
  67  6:02  Infestor x2, Extractor  
  67  6:03  Zergling x2  
  73  6:04  Hatchery  
  73  6:08  Centrifugal Hooks  
  73  6:09  Zerg Melee Weapons Level 1  
  72  6:19  Drone, Overlord x2  
  72  6:20  Overlord x2  
  72  6:22  Overseer  
  72  6:24  Pneumatized Carapace  
  73  6:29  Extractor  
  72  6:53  Zergling x34  
  89  6:58  Drone x2  
  91  7:04  Hatchery  
  90  7:16  Hive  
  90  7:18  Drone x4  
  90  7:19  Drone  
  90  7:20  Evolution Chamber  
  70  7:46  Zergling x6  
  70  7:47  Zergling x28  
  86  7:54  Zerg Ground Armor Level 1  
  86  7:58  Baneling x16  
  86  8:03  Drone x7  
  73  8:40  Zergling x28  
  73  8:41  Zergling x12  
  90  8:54  Drone x3  
  90  8:58  Zerg Melee Weapons Level 2  
  90  8:59  Adrenal Glands  
  90  9:00  Ultralisk Cavern  
  71  9:45  Drone x3  
  72  9:48  Drone x3, Extractor x2  
  72  9:49  Drone x2  
  72  9:50  Drone  
  72  9:51  Zergling x2, Ultralisk x3  
  72  9:52  Zergling x28  
  109  10:10  Drone  
  109  10:14  Overlord x6  
  110  10:17  Overseer  
  110  10:40  Ultralisk  
  110  10:41  Zergling x32, Ultralisk x3  
  150  10:54  Baneling  
  150  10:55  Baneling x9  
  150  11:03  Ultralisk  
  150  11:04  Zergling x8  
  157  11:06  Overlord x5  
  155  11:24  Infestor  
  140  11:26  Ultralisk  
  140  11:27  Zergling x20  
  140  11:59  Zergling x10, Ultralisk x3  
  136  12:17  Zergling x2, Ultralisk  
  136  12:18  Zergling x12  
  114  12:57  Infestor x4  
  116  13:01  Spire  
  115  13:18  Hatchery  
  107  13:27  Hatchery  
  100  13:53  Zergling x2  
  100  13:54  Zergling x28  
  115  14:13  Corruptor x7  
  129  14:17  Zergling x4  
  131  14:36  Corruptor x4  
  130  14:58  Hatchery  
  123  15:02  Drone x8  
  123  15:04  Hatchery  
  130  15:07  Zergling x2  
  109  15:16  Hatchery  
  109  15:20  Ultralisk x3  
  98  15:31  Ultralisk x2  
  110  15:40  Zergling x10  
  112  16:15  Zergling x2  
Show
View Real Time Build Order
Export as new Build Order

Rodin Terran - Winner!

Build Orders: Reaper Expand, Hellion Banshee 

Get SALT Encoding   

  12  0:00  SCV  
  13  0:12  SCV  
  14  0:17  Supply Depot  
  14  0:24  SCV  
  15  0:38  SCV  
  15  0:41  Barracks  
  16  0:45  Refinery  
  16  0:51  SCV  
  17  1:03  SCV  
  18  1:15  SCV  
  19  1:29  Orbital Command, Reaper  
  20  1:39  Command Center  
  20  1:47  Supply Depot  
  20  1:55  SCV  
  20  2:01  Marine  
  22  2:07  SCV  
  23  2:12  Factory  
  23  2:19  SCV  
  24  2:23  Barracks Reactor  
  24  2:31  SCV  
  25  2:44  SCV  
  25  2:47  Command Center  
  26  2:52  Orbital Command  
  26  3:00  Starport  
  26  3:04  SCV  
  27  3:10  Hellion x2  
  27  3:11  Barracks Tech Lab  
  31  3:16  SCV  
  31  3:19  SCV  
  33  3:28  SCV  
  34  3:35  Hellion x2  
  38  3:41  Refinery  
  38  3:42  SCV x2  
  38  3:47  Banshee  
  43  3:54  SCV x2  
  45  3:56  Barracks Tech Lab  
  45  3:59  Hellion x2, Orbital Command  
  49  4:04  Supply Depot  
  49  4:06  SCV  
  49  4:07  SCV  
  51  4:18  SCV  
  51  4:19  Barracks, SCV  
  51  4:20  Barracks  
  52  4:27  Widow Mine x2  
  56  4:35  Supply Depot  
  56  4:41  SCV x3  
  56  4:43  Marine  
  56  4:44  Orbital Command  
  60  4:46  Refinery  
  60  4:48  Refinery  
  60  4:53  SCV x2  
  58  5:14  SCV x2  
  58  5:15  SCV  
  58  5:17  Marine, Barracks Reactor x2  
  58  5:18  Widow Mine x2  
  58  5:19  Banshee  
  69  5:26  Supply Depot, SCV  
  70  5:28  SCV  
  70  5:29  Command Center, SCV  
  70  5:30  Barracks  
  70  5:31  Supply Depot  
  70  5:34  Barracks  
  69  5:39  SCV  
  69  5:40  SCV  
  69  5:41  SCV  
  72  5:44  Engineering Bay x2  
  72  5:48  Marine  
  72  5:49  Widow Mine x2  
  77  5:51  SCV  
  77  5:53  SCV x2  
  77  5:56  Supply Depot  
  80  5:57  Marine x4  
  84  6:06  Marine  
  84  6:07  SCV x2  
  84  6:08  SCV  
  84  6:10  Banshee  
  91  6:15  Marine x2, Terran Infantry Weapons Level 1  
  91  6:16  Terran Infantry Armor Level 1, Starport  
  93  6:19  SCV  
  93  6:21  SCV x2  
  96  6:26  Missile Turret  
  96  6:30  Stimpack  
  96  6:31  Marine  
  96  6:32  Marine x2, Barracks Reactor x2  
  97  6:39  Marine  
  99  6:40  Marine  
  99  6:41  Widow Mine x2  
  105  6:49  Marine  
  105  6:50  Marine x2, SCV  
  105  6:51  SCV x2  
  111  6:56  Banshee  
  111  7:00  Missile Turret  
  114  7:01  Supply Depot  
  114  7:02  Supply Depot  
  114  7:03  SCV x2  
  114  7:04  Missile Turret  
  114  7:05  Refinery  
  114  7:06  Refinery  
  114  7:08  Supply Depot  
  116  7:11  Supply Depot  
  116  7:14  Starport Reactor  
  116  7:17  SCV x2  
  116  7:23  Marine x6, SCV  
  116  7:25  Marine x3  
  119  7:31  Armory  
  97  7:41  Marine x6  
  97  7:43  Marine x2  
  101  7:47  Marine  
  101  7:48  Widow Mine  
  101  7:49  Widow Mine  
  100  7:54  SCV x3  
  100  7:56  Planetary Fortress  
  103  7:58  Marine x4  
  103  7:59  Medivac x3  
  103  8:03  Marine x2  
  103  8:04  Marine x2  
  103  8:05  Marine  
  118  8:14  Widow Mine x2  
  118  8:16  Marine x2  
  118  8:18  Terran Infantry Armor Level 2, Terran Infantry Weapons Level 2  
  124  8:25  SCV x3  
  127  8:27  Command Center  
  115  8:37  Marine  
  115  8:38  Marine x8  
  111  8:50  SCV x2  
  111  8:51  SCV  
  111  8:52  Medivac x2, Widow Mine x2  
  111  8:53  Medivac  
  111  8:55  Marine x4  
  123  8:56  Marine x5  
  123  8:59  SCV  
  133  9:03  SCV  
  133  9:08  Supply Depot  
  134  9:11  Supply Depot  
  134  9:13  Marine x7  
  134  9:16  Marine  
  142  9:19  Barracks  
  142  9:20  Barracks  
  142  9:22  Supply Depot  
  142  9:25  Supply Depot  
  142  9:26  Missile Turret  
  142  9:27  Marine  
  142  9:28  Widow Mine  
  142  9:29  Widow Mine  
  146  9:32  Factory  
  146  9:35  Marine x8  
  146  9:45  Marine  
  147  9:48  SCV x3  
  147  9:49  SCV  
  151  9:52  Marine  
  151  9:53  Marine x4  
  151  9:54  Liberator  
  151  9:56  Raven  
  161  10:00  Marine x3  
  161  10:02  Marine  
  165  10:15  Marine x5  
  165  10:17  Marine, Medivac  
  165  10:18  Marine x2  
  165  10:20  Marine  
  176  10:23  Planetary Fortress  
  176  10:26  SCV x3  
  179  10:33  Marine x2  
  180  10:37  Marine x6  
  180  10:38  Marine, SCV  
  180  10:41  SCV x3  
  191  10:45  Liberator  
  194  10:50  SCV, Terran Infantry Weapons Level 3  
  194  10:55  Terran Infantry Armor Level 3  
  195  10:57  Supply Depot  
  195  11:17  Liberator  
  195  11:18  Marine x9, SCV x4, Liberator  
  195  11:19  Widow Mine x2  
  155  11:36  Marine x9  
  164  11:46  Medivac, Widow Mine x2  
  161  11:54  Marine x5  
  143  11:58  Marine  
  143  11:59  Marine x3  
  143  12:00  Medivac  
  153  12:01  Medivac  
  141  12:10  Widow Mine x2  
  141  12:11  Marine x4  
  141  12:12  Marine  
  147  12:16  Marine x4  
  149  12:28  Liberator  
  149  12:29  Marine x5  
  142  12:30  Liberator  
  142  12:31  Widow Mine  
  142  12:34  Marine x4  
  142  12:35  SCV  
  142  12:36  SCV x3  
  147  12:47  Marine x5, Widow Mine  
  145  12:52  Marine x4  
  145  12:56  SCV  
  145  12:57  SCV  
  151  12:58  Factory Tech Lab  
  151  13:01  SCV  
  152  13:06  Marine x3  
  152  13:07  Command Center, Marine x2  
  152  13:08  Command Center, SCV, Medivac  
  152  13:09  Marine, SCV  
  152  13:10  Marine x3  
  152  13:11  Widow Mine  
  167  13:13  SCV  
  168  13:24  Marine x5, SCV x3  
  165  13:34  Marine  
  165  13:51  Supply Depot  
  165  13:53  Supply Depot, Barracks Tech Lab x2  
  165  14:13  Marine, SCV, Liberator x2  
  165  14:14  Raven, Marine x5, SCV  
  181  14:18  Marine x3, SCV  
  187  14:31  Marauder  
  187  14:32  Marauder, Marine x3  
  187  14:36  Marine  
  187  14:37  Marauder, SCV x2  
  197  14:43  SCV  
  199  14:50  Marine x2  
  200  14:57  Marine  
  200  14:59  Marine x4  
  198  15:01  Viking x2  
  197  15:07  Marine x2  
  198  15:15  Marine  
  198  15:17  Marine  
  192  15:22  SCV x4  
  192  15:25  Planetary Fortress  
  196  15:29  Marine  
  196  15:30  Marine x3  
  200  15:43  Planetary Fortress  
  200  15:57  Missile Turret  
Tags
 
Add a new tag
Caveats
  • Supply blocks, unpowered buildings, or Contaminate may cause inaccurate times.
  • Supply counts are checked every 10 seconds.